 Dungeon Sprint DCSS version 0.14-a0-2723-gdc5d926 (webtiles) character file.

267 BluebellGnoll the Unseen (level 6, -9/28 HPs)
             Began as a Spriggan Enchanter on Feb 19, 2014.
             Was a Follower of Vehumet.
             Mangled by an iguana (11 damage)
             ... in the Dungeon (Sprint IX: "|||||||||||||||||||||||||||||").
             The game lasted 00:02:24 (297 turns).

BluebellGnoll the Unseen (Spriggan Enchanter)        Turns: 297, Time: 00:02:24

HP  -9/28        AC  3     Str  7      XL: 6   Next:  0%
MP   1/17        EV 20     Int 19      God: Vehumet [*.....]
Gold 0           SH  0     Dex 16      Spells:  4 memorised,  2 levels left

rFire  . . .     SeeInvis +     a - +1 dagger
rCold  . . .     Clarity  .     b - +1 robe
rNeg   . . .     Conserve .     (shield restricted)
rPois  .         rCorr    .     (helmet restricted)
rElec  .         rRot     .     (no cloak)
SustAb . .       Spirit   .     (gloves unavailable)
rMut   .         Warding  .     (boots unavailable)
Saprov . . .     NoTele   +     (no amulet)
MR     +....                    q - +2 ring of evasion
                                p - +3 ring of strength

@: very slightly contaminated, very quick, somewhat resistant to hostile
enchantments, extraordinarily stealthy
A: unfitting armour, see invisible, herbivore 3, speed 3, slow metabolism 2
a: Renounce Religion


You were in the Dungeon.
You worshipped Vehumet.
Vehumet was aware of your devotion.
You were not hungry.

You visited 1 branch

Inventory:

Hand weapons
 a - a +1,+1 dagger (weapon)
Missiles
 d - 12 darts (quivered)
Armour
 b - a +1 robe (worn)
Magical devices
 o - a wand of cold (7)
Scrolls
 k - 2 scrolls of blinking
 m - 3 scrolls of remove curse
 n - 2 scrolls of amnesia
Jewellery
 p - a +3 ring of strength (left hand)
 q - a +2 ring of evasion (right hand)
Potions
 e - a potion of porridge
 f - 5 potions of curing
 g - 3 potions of heal wounds
 h - a potion of speed
 i - 4 potions of magic
 j - a potion of berserk rage
 l - a potion of invisibility
Books
 c - a book of Maledictions

   Spells                             Type                      Level
   *Corona                            Hexes                        1
   *Sure Blade                        Hexes/Charms                 2
   *Ensorcelled Hibernation           Hexes/Ice                    2
   *Confuse                           Hexes                        3
   Enslavement                        Hexes                        4
   Invisibility                       Hexes                        6


   Skills:
 - Level 1.1 Short Blades
 - Level 1.1 Throwing
 - Level 3.0 Dodging
 + Level 17.8 Stealth
 - Level 2.6 Spellcasting
 - Level 3.6 Hexes


You had 2 spell levels left.
You knew the following spells:

 Your Spells              Type           Power        Failure   Level  Hunger
a - Corona                Hex            ###....      4%          1    None
b - Ensorcelled Hibernat  Hex/Ice        #.....       14%         2    ##.....
c - Confuse               Hex            ###.....     12%         3    ###....
d - Sure Blade            Hex/Chrm       #.........   14%         2    ##.....


Dungeon Overview and Level Annotations

Branches:
Dungeon (1/1)

Altars:
Ashenzari
Cheibriados
Dithmenos
Elyvilon
Fedhas
Kikubaaqudgha
Makhleb
Nemelex Xobeh
Okawaru
Sif Muna
Trog
Vehumet
Xom
Yredelemnul
Zin
The Shining One


Innate Abilities, Weirdness & Mutations

You are tiny and cannot use many weapons and most armour.
You have supernaturally acute eyesight.
You are a herbivore.
You cover ground extremely quickly.
You need consume almost no food.


Message History

The iguana is lightly wounded.
The iguana closely misses you.
You barely miss the iguana.
The iguana is lightly wounded.
The iguana bites you.
* * * LOW HITPOINT WARNING * * *
You hit the iguana.
The iguana is moderately wounded.
The iguana misses you.
You hit the iguana.
The iguana is heavily wounded.
The iguana bites you.
* * * LOW HITPOINT WARNING * * *
You hit the iguana.
The iguana is heavily wounded.
The iguana misses you.
You hit the iguana but do no damage.
The iguana is heavily wounded.
The iguana bites you!
You die...

▓.▓
▓.▓
▓.▓
▓.▓
▓.▓
▓.▓
▓%▓
▓l▓
▓@▓
▓[▓
▓[▓
▓[▓
▓)▓
▓|▓
▓)▓
▓.▓
▓'▓


You could see an iguana.

Vanquished Creatures
  3 centaurs (D)
  A giant centipede (D)
  A giant mite (D)
  A giant gecko (D)
  An ooze (D)
  A giant cockroach (D)
  A hobgoblin (D)
  A jackal (D)
  A goblin (D)
  A hobgoblin skeleton (D)
  2 rats (D)
14 creatures vanquished.

Vanquished Creatures (others)
  A crimson imp (D)
1 creature vanquished.

Grand Total: 15 creatures vanquished

Notes
Turn   | Place    | Note
--------------------------------------------------------------
     0 | D        | BluebellGnoll, the Spriggan Enchanter, began the quest for the Orb.
     0 | D        | Reached XP level 1. HP: 9/9 MP: 4/4
     9 | D        | Reached skill level 4 in Stealth
    16 | D        | Reached skill level 7 in Stealth
    16 | D        | Reached XP level 2. HP: 11/13 MP: 7/7
    31 | D        | Reached skill level 8 in Stealth
    36 | D        | Learned a level 2 spell: Ensorcelled Hibernation
   140 | D        | Noticed a centaur
   144 | D        | Killed a centaur
   144 | D        | Reached skill level 13 in Stealth
   144 | D        | Reached XP level 3. HP: 16/16 MP: 9/9
   144 | D        | Reached XP level 4. HP: 21/21 MP: 12/12
   156 | D        | Learned a level 3 spell: Confuse
   159 | D        | Learned a level 2 spell: Sure Blade
   159 | D        | Found a bloodstained altar of Trog.
   159 | D        | Found a blossoming altar of Fedhas.
   159 | D        | Found a glowing golden altar of the Shining One.
   159 | D        | Found a burning altar of Makhleb.
   159 | D        | Found an iron altar of Okawaru.
   159 | D        | Found an ancient bone altar of Kikubaaqudgha.
   159 | D        | Found a snail-covered altar of Cheibriados.
   160 | D        | Found a radiant altar of Vehumet.
   161 | D        | Found a basalt altar of Yredelemnul.
   162 | D        | Found a sparkling altar of Nemelex Xobeh.
   163 | D        | Found a shimmering altar of Xom.
   164 | D        | Found a glowing silver altar of Zin.
   165 | D        | Found a deep blue altar of Sif Muna.
   166 | D        | Found a white marble altar of Elyvilon.
   167 | D        | Found a blossoming altar of Fedhas.
   168 | D        | Found a shadowy altar of Dithmenos.
   169 | D        | Became a worshipper of Vehumet
   170 | D        | Found a shattered altar of Ashenzari.
   171 | D        | Found a bloodstained altar of Trog.
   198 | D        | Noticed an iguana
   198 | D        | Noticed a crimson imp
   198 | D        | Noticed a centaur
   198 | D        | Noticed a centaur
   207 | D        | Killed a crimson imp
   262 | D        | Killed a centaur
   262 | D        | Reached skill level 15 in Stealth
   262 | D        | Reached XP level 5. HP: 20/24 MP: 8/14
   264 | D        | Acquired Vehumet's first power
   264 | D        | Offered knowledge of Sting by Vehumet.
   264 | D        | Reached skill level 16 in Stealth
   270 | D        | Killed a centaur
   270 | D        | Reached skill level 17 in Stealth
   270 | D        | Reached XP level 6. HP: 11/28 MP: 1/17
   297 | D        | Mangled by an iguana

Action                   |  1- 3 |  4- 6 || total
-------------------------+-------+-------++-------
Melee: Dagger            |    25 |    22 ||    47
 Cast: Confuse           |       |     5 ||     5
       Ensorcelled Hiber |       |     3 ||     3
 Stab: Sleeping          |     2 |     4 ||     6
       Confused          |       |     1 ||     1
